 Dungeon Crawl Stone Soup version 0.26-a0-812-g31a745ddcd (webtiles) character file.

Game seed: 1878689947052636218

133 kae the Ruffian (level 5, -3/45 HPs)
             Began as a Naga Transmuter on Nov 30, 2020.
             Slain by a bullfrog (6 damage)
             ... on level 3 of the Dungeon.
             The game lasted 00:02:30 (3164 turns).

kae the Ruffian (Naga Transmuter)                   Turns: 3164, Time: 00:02:30

Health: -3/45      AC:  2    Str: 14    XL:     5   Next: 16%
Magic:  5/8        EV: 19    Int: 13    God:
Gold:   124        SH:  0    Dex: 16    Spells: 5/9 levels left

rFire    . . .     SeeInvis +     - Unarmed
rCold    . . .     Faith    .   (shield currently unavailable)
rNeg     . . .     Spirit   .   (armour currently unavailable)
rPois    x         Reflect  .   (helmet currently unavailable)
rElec    .         Harm     .   (cloak currently unavailable)
rCorr    .         Rampage  .   (gloves currently unavailable)
MR       .....                  (no barding)
Stlth    +.........             (no amulet)
HPRegen  0.15/turn              (no ring)
MPRegen  0.11/turn              (no ring)

@: short of breath, spider-form, very slightly contaminated
A: tiny, see invisible, spit poison 1, AC +1
a: Spit Poison, End Transformation


You were on level 3 of the Dungeon.
You were a venomous arachnid creature.
You visited 1 branch of the dungeon, and saw 3 of its levels.

You collected 124 gold pieces.

Inventory:

Armour
 a - a +0 robe (melded)
Jewellery
 l - an uncursed ring of protection from magic {unknown}
Scrolls
 b - a scroll of enchant weapon {unknown}
 c - 5 scrolls of identify {unknown}
 d - 2 scrolls of random uselessness {unknown}
 e - a scroll of enchant armour {unknown}
 f - a scroll of noise {unknown}
 h - a scroll of magic mapping {unknown}
 i - 3 scrolls of remove curse {unknown}
 j - 2 scrolls of teleportation {unknown}


   Skills:
 + Level 2.0 Fighting
 + Level 2.0 Dodging
 * Level 3.9 Unarmed Combat
 + Level 2.5 Spellcasting
 * Level 3.2 Transmutations


You had 5 spell levels left.
You knew the following spells:

 Your Spells              Type           Power        Failure   Level
a - Beastly Appendage     Tmut           ##....       17%         1
b - Spider Form           Tmut/Pois      #.........   58%         3

Your spell library contained the following spells:

 Spells                   Type           Power        Failure   Level
 Wereblood                Tmut           ##......     24%         2
 Ice Form                 Ice/Tmut       #.......     90%         4
 Blade Hands              Tmut           ##........   96%         5


Dungeon Overview and Level Annotations

Branches:
Dungeon (3/15)

Altars:


Innate Abilities, Weirdness & Mutations

You cannot wear boots.
((Your serpentine skin is tough. (AC +1)))
You have supernaturally acute eyesight. (SInv)
((Armour fits poorly on your strangely shaped body.))
((Your system is resistant to poisons. (rPois)))
((You cover ground very slowly.))
You can spit poison.


Message History

The bullfrog hits you.
* * * LOW HITPOINT WARNING * * *
You feel less invigorated.
You feel less confused. The bullfrog hits you!
* * * LOW HITPOINT WARNING * * *
The orc hits you but does no damage.
You see here a mace.
Press: ? - help, Shift-Dir - straight line, f/p - bullfrog
Aim: a bullfrog (moderately wounded)
The splash of poison misses the bullfrog.
The bullfrog misses you. The orc closely misses you.
Casting: Spider Form (quite dangerous; 36% risk of failure)
Confirm with . or Enter, or press ? or * to list all spells.
The spell is quite dangerous to cast (36% risk of failure)!
Continue anyway? [Y]es or [N]o only, please.
The spell is quite dangerous to cast (36% risk of failure)!
Continue anyway?
You turn into a venomous arachnid creature.
Your +0 robe melds into your body.
The bullfrog hits you.
You die...

♣.##.............w...
♣....###.##..........
♣♣##.###.............
#.........#...###
♣♣♣.)....##...w.## .
♣♣♣P≈..)..##.......#
..#
≈.)≈.....###.......#..#
≈P♣♣≈.<.####..).Fo...#
♣ ♣♣#.####..###s...##
........## #)..)#
...#####.# ♣.)..♣ ...#
#.# ♣..)♣♣ #...# #.#
♣♣.♣♣ ### .♣♣ ♣


You could see a bullfrog, a worm and an orc.

Vanquished Creatures
  Robin (D:3)
  4 adders (D:2)
  An ooze (D:2)
  3 dart slugs
  4 leopard geckos
  An orc (D:3)
  A ball python (D:2)
  3 giant cockroaches
  14 goblins
  13 hobgoblins
  13 kobolds
  2 bats (D:1)
  2 frilled lizards
  6 rats
68 creatures vanquished.

Vanquished Creatures (others)
  2 plants (D:3)
2 creatures vanquished.

Grand Total: 70 creatures vanquished

Notes
Turn   | Place    | Note
-------+----------+-------------------------------------------
     0 | D:1      | kae the Naga Transmuter began the quest for the Orb.
     0 | D:1      | Reached XP level 1. HP: 18/18 MP: 3/3
   222 | D:1      | Reached XP level 2. HP: 25/25 MP: 5/5
   870 | D:1      | Reached XP level 3. HP: 31/31 MP: 4/6
  1268 | D:1      | Learned a level 3 spell: Spider Form
  1722 | D:2      | Reached XP level 4. HP: 20/38 MP: 5/7
  2371 | D:3      | Noticed Robin
  2567 | D:2      | Reached XP level 5. HP: 25/45 MP: 4/8
  2959 | D:3      | Killed Robin
  3160 | D:3      | HP: 1/45 [orc/+0 whip (6)]
  3164 | D:3      | Slain by a bullfrog

Illustrated notes

Levels and vault maps discovered:
D:1:      nicolae_arrival_washed_ashore, layout_rooms, minmay_crystal_water,
          minmay_split_cup_small
D:2:      layout_basic, kennysheep_generic_room_8
D:3:      minmay_chambers_of_threes, layout_rooms, lemuel_doored_altar,
          marbit_many_paths, serial_bayou, serial_bayou_shore_b,
          serial_bayou_pond_e, serial_bayou_crossing, serial_bayou_shore_b,
          uniq_robin, uniq_crazy_yiuf_cottage

Skill      XL: |  1  2  3  4 |
---------------+-------------+-----
Dodging        | 2 |  2.0
Transmutations | 3 |  3.2
Fighting       | 2 |  2.0
Unarmed Combat | |  3.9
Spellcasting   | |  2.5

Action                   |  1- 3 |  4- 6 || total
-------------------------+-------+-------++-------
Melee: Unarmed           |    90 |    95 ||   185
       Headbutt          |     6 |     3 ||     9
       Punch             |     1 |     1 ||     2
 Cast: Beastly Appendage |    22 |     5 ||    27
       Spider Form       |       |     7 ||     7
 Abil: Spit Poison       |    23 |    12 ||    35
  Use: Potion            |     2 |     2 ||     4
Armor: Robe              |    22 |    13 ||    35
       Skin              |       |     2 ||     2
Dodge: Dodged            |    74 |    85 ||   159

Table legend: (Time is in decaauts)
 A = Elapsed time spent in this place.
 B = Non-inter-level travel time spent in this place.
 C = Inter-level travel time spent in this place.
 D = Time resting spent in this place.
 E = Time spent auto-exploring this place.
 F = Levels seen in this place.
 G = Mean time per level.
                   A        B        C        D        E       F      G
               +--------+--------+--------+--------+--------+-----+--------+
         Total |   3499 |   3466 |     33 |    476 |   2494 |   3 | 1166.3 |
       Dungeon |   3499 |   3466 |     33 |    476 |   2494 |   3 | 1166.3 |
               +--------+--------+--------+--------+--------+-----+--------+

Top non-repeatable levels by time:
     D:2: 1842 daAuts
     D:1: 1418 daAuts
     D:3: 237 daAuts
